 Dungeon Crawl Stone Soup version 0.28.0-53-g5a82cb258f (webtiles) character file.

Game seed: 18246535944113355655

13862 DemonSlayer the Thaumaturge (level 11, -3/75 HPs)
             Began as a Demonspawn Fire Elementalist on Aug 8, 2022.
             Was a Priest of Cheibriados.
             Slain by an eight-headed hydra (6 damage)
             ... on level 2 of the Lair of Beasts.
             The game lasted 00:49:23 (22622 turns).

DemonSlayer the Thaumaturge (DsFE)                 Turns: 22622, Time: 00:49:23

Health: -3/75      AC: 10    Str: 15    XL:     11   Next: 81%
Magic:  12/25      EV: 14    Int: 28    God:    Cheibriados [***...]
Gold:   612        SH:  0    Dex: 21    Spells: 4/30 levels left

rFire   + . .      SeeInvis .   e - +3 long sword (flame)
rCold   . . .      Faith    .   q - orb {*Rage}
rNeg    . . .      Spirit   .   j - +0 troll leather armour
rPois   .          Reflect  .   K - +0 helmet
rElec   .          Harm     .   (no cloak)
rCorr   +          Rampage  .   a - +2 pair of gloves of Philately {Regen+}
Will    .....      Rage     20% k - +0 pair of boots
Stlth   +++.......              B - amulet of regeneration
HPRegen 2.62/turn               F - ring of resist corrosion
MPRegen 0.19/turn               w - ring of protection from fire

@: very slow
A: hooves 2, demonic guardian 2, powered by death 1, weakness stinger 1, demonic
touch 1
a: Renounce Religion, Bend Time, Temporal Distortion


You were on level 2 of the Lair of Beasts.
You worshipped Cheibriados.
Cheibriados was most pleased with you.
You visited 3 branches of the dungeon, and saw 13 of its levels.
You also visited: Ossuary.

You collected 612 gold pieces.

Inventory:

Hand Weapons
 e - a +3 long sword of flaming (weapon)
 z - a +3 vorpal hand crossbow
 J - a +7 vampiric trident
Missiles
 N - 13 bolts
Armour
 a - the +2 pair of gloves of Philately (worn) {Regen+}
   (You acquired it on level 1 of the Dungeon)

   Regen:     It increases your rate of health regeneration.
 j - a +0 troll leather armour (worn)
 k - a +0 pair of boots (worn)
 q - an orb of wrath (worn)
 K - a +0 helmet (worn)
Magical Staves
 h - a staff of earth
 x - a staff of conjuration
 y - a staff of poison
 A - a staff of air
Jewellery
 w - a ring of protection from fire (right hand)
 B - an amulet of regeneration (around neck)
 F - a ring of resist corrosion (left hand)
Wands
 b - a wand of mindburst (10)
 i - a wand of flame (23)
 t - a wand of iceblast (8)
 v - a wand of acid (8)
 C - a wand of paralysis (7)
Scrolls
 f - a scroll of brand weapon
 o - a scroll of enchant armour {unknown}
 L - a scroll of immolation
 R - 3 scrolls of fog
Potions
 l - a potion of degeneration {unknown}
 m - 4 potions of flight
 n - 3 potions of cancellation
 p - 2 potions of attraction
 u - a potion of invisibility {unknown}
 G - 2 potions of might
 I - 3 potions of brilliance
 M - a potion of haste {unknown}
 O - 2 potions of mutation
 P - 3 potions of curing {unknown}
 Q - a potion of lignification
Miscellaneous
 s - a condenser vane
 E - a phantom mirror


   Skills:
 + Level 3.6 Fighting
 + Level 3.4 Long Blades
 + Level 0.1 Maces & Flails
 + Level 5.0 Crossbows
 + Level 3.4 Armour
 + Level 4.3 Dodging
 + Level 3.5 Stealth
 + Level 10.2 Spellcasting
 + Level 5.2 Conjurations
 + Level 9.3 Fire Magic
 + Level 3.8 Earth Magic
 + Level 1.2 Evocations


You had 4 spell levels left.
You knew the following spells:

 Your Spells              Type           Power      Damage    Failure   Level
a - Foxfire               Conj/Fire      100%       2x1d9     1%          1
b - Scorch                Fire           100%       2d10      1%          2
c - Stone Arrow           Conj/Erth      80%        3d12      2%          3
d - Conjure Flame         Conj/Fire      53%        6-21      1%          3
e - Cause Fear            Hex            7%         N/A       43%         4
f - Flame Wave            Conj/Fire      53%        2d11      2%          4
g - Anguish               Hex/Necr       7%         N/A       43%         4
h - Tukima's Dance        Hex            14%        N/A       14%         3
i - Passwall              Tmut/Erth      20%        N/A       3%          2

Your spell library contained the following spells:

 Spells                   Type           Power      Damage    Failure   Level
 Sandblast                Erth           72%        2d16      1%          1
 Inner Flame              Hex/Fire       40%        N/A       1%          3
 Passage of Golubria      Tloc           14%        N/A       43%         4
 Yara's Violent Unravell  Hex/Tmut       7%         3d5       80%         5
 Enfeeble                 Hex            7%         N/A       100%        7
 Discord                  Hex            7%         N/A       100%        8


Dungeon Overview and Level Annotations

Branches:
Dungeon (10/15)            Temple (1/1) D:7            Lair (2/6) D:10
    Orc (0/2) D:10        Ossuary (visited)
  Swamp: Lair:2-4    Shoals: Lair:2-4     Snake: Lair:2-4    Spider: Lair:2-4

Altars:
Ashenzari
Cheibriados
Dithmenos
Elyvilon
Fedhas
Hepliaklqana
Kikubaaqudgha
Nemelex Xobeh
Okawaru
Qazlal
Ru
Sif Muna
Uskayaw
Vehumet
Wu Jian
Yredelemnul
Zin
The Shining One
Beogh

Shops:
D:10 =

Annotations:
D:6 2 runed translucent doors


Innate Abilities, Weirdness & Mutations

You have hoof-like feet.
A demonic guardian rushes to your aid.
You regenerate a little health from kills.
You have a small tail.
Your touch may inflict minor irresistible damage on your foes.


Message History

The eight-headed hydra bites you.
Your Crossbows skill increases to level 5!
Flames lash the eight-headed hydra.
The eight-headed hydra is heavily wounded.
The eight-headed hydra's fire resistance burns away.
The eight-headed hydra bites you! The eight-headed hydra misses you.
The eight-headed hydra bites you but does no damage.
The eight-headed hydra misses you. The eight-headed hydra bites you!
The eight-headed hydra misses you.
The eight-headed hydra closely misses you.
The eight-headed hydra bites you but does no damage.
Your +3 long sword of flaming bursts into flame!
e - a +3 long sword of flaming (weapon)
The eight-headed hydra bites you.
* * * LOW HITPOINT WARNING * * *
The eight-headed hydra bites you but does no damage.
The eight-headed hydra completely misses you.
The eight-headed hydra bites you!
* * * LOW HITPOINT WARNING * * *
A demonic guardian appears!
The eight-headed hydra bites you.
* * * LOW HITPOINT WARNING * * *
The eight-headed hydra bites you but does no damage.
The eight-headed hydra bites you.
* * * LOW HITPOINT WARNING * * *
The eight-headed hydra bites you.
* * * LOW HITPOINT WARNING * * *
Okay, then.
Okay, then.
Okay, then.
Okay, then.
You barely miss the eight-headed hydra. You tail-slap the eight-headed hydra.
The eight-headed hydra is heavily wounded.
A nearby plant withers and dies.
The eight-headed hydra completely misses you.
The eight-headed hydra bites you but does no damage.
The eight-headed hydra bites you.
* * * LOW HITPOINT WARNING * * *
The eight-headed hydra barely misses you.
The eight-headed hydra bites you.
You die...

**,,,,<,,,,,,,**
*,*,*.#.#..(..#
**,,.,.......(##
**,#.#.#.....$*
*,,.......(.#*
***##.......#
#......4.##
##....†D..P#
#......@...#
##.........#
#.........#
*#.........#
#P.........#
############


You could see an eight-headed hydra (combustible, ally target) and a friendly
orange demon (summoned).

Vanquished Creatures
  A centaur warrior (D:9)
  The ghost of Stomo the Fighter, a novice DrFi of the Shining One (D:10)
  A two-headed ogre (D:10)
  3 ugly things (D:8)
  A manticore (D:8)
  An elephant (D:10)
  2 cane toads
  3 komodo dragons (Lair:1)
  3 trolls
  2 hornets (D:10)
  A shadow (D:9)
  3 yaks
  A wyvern (D:9)
  Grum (Lair:1)
  2 steam dragons (D:6)
  Menkaure (D:6)
  An acid dragon (D:10)
  4 water moccasins
  6 orc warriors (D:10)
  3 sky beasts
  2 black bears
  9 ogres
  3 wolves (Lair:1)
  A centaur (D:6)
  2 phantoms (D:6)
  A kobold brigand (D:10)
  3 bullfrogs
  5 gnoll sergeants
  A wyvern zombie (D:5)
  5 scorpions
  A wyvern skeleton (D:6)
  A wight (D:6)
  A howler monkey (D:10)
  3 hounds
  5 centaur zombies
  3 centaur skeletons
  2 orc priests (D:10)
  A bullfrog skeleton (D:6)
  A bullfrog zombie (D:7)
  2 jellies
  Ijyb (D:5)
  Jessica (D:2)
  2 iguanas
  8 orc wizards
  Natasha (thrice) (D:2)
  A killer bee zombie (D:6)
  A hound skeleton (D:4)
  2 mummies
  A howler monkey zombie (D:6)
  A howler monkey skeleton (D:7)
  7 gnolls
  7 adders
  2 shadow imps
  2 white imps
  An ufetubus (D:5)
  A worm (D:2)
  5 dart slugs
  57 orcs
  A spectral bat (Ossuary)
  12 ball pythons
  4 endoplasms
  4 giant cockroaches
  12 gnoll zombies (Ossuary)
  6 hobgoblins
  9 jackals
  10 kobolds
  4 quokkas
  3 bat simulacra (Ossuary)
  3 frilled lizards
  8 goblins
  3 goblin zombies (Ossuary)
  5 hobgoblin zombies (Ossuary)
  5 kobold simulacra (Ossuary)
  9 kobold zombies (Ossuary)
  An orc zombie (Ossuary)
  7 rats
  4 rat simulacra (Ossuary)
  3 spectral goblins (Ossuary)
  3 spectral kobolds (Ossuary)
  3 spectral rats (Ossuary)
315 creatures vanquished.

Vanquished Creatures (collateral kills)
  A hydra (D:8)
  A vampire mosquito (D:6)
  2 orc warriors
  A wolf (Lair:1)
  A wyvern skeleton (D:5)
  A bullfrog zombie (D:6)
  A gnoll shaman (D:5)
  An iguana (D:6)
  An adder (D:5)
  An orc (D:5)
11 creatures vanquished.

Vanquished Creatures (others)
  373 foxfires
  6 plants
379 creatures vanquished.

Grand Total: 705 creatures vanquished

Notes
Turn   | Place    | Note
-------+----------+-------------------------------------------
     0 | D:1      | DemonSlayer the Demonspawn Fire Elementalist began the
                  | quest for the Orb.
     0 | D:1      | Reached XP level 1. HP: 13/13 MP: 3/3
   489 | D:1      | Gained mutation: You regenerate a little health from kills.
                  | [demonic ancestry]
   489 | D:1      | Reached XP level 2. HP: 14/19 MP: 0/5
   492 | D:1      | Learned a level 2 spell: Scorch
   868 | D:1      | Found a faded altar of an unknown god.
  1742 | D:2      | Reached XP level 3. HP: 24/24 MP: 0/6
  1918 | D:2      | Noticed Jessica
  1929 | D:2      | Killed Jessica
  2109 | D:2      | Noticed Natasha
  2115 | D:2      | Killed Natasha
  2116 | D:2      | Discovered your monstrous ancestry.
  2116 | D:2      | Gained mutation: You have a small tail. [demonic ancestry]
  2116 | D:2      | Reached XP level 4. HP: 30/30 MP: 0/7
  2371 | D:2      | Learned a level 3 spell: Stone Arrow
  3031 | D:2      | Noticed Natasha
  3040 | D:2      | Killed Natasha
  3094 | D:2      | Noticed Natasha
  3103 | D:2      | Killed Natasha
  3104 | D:2      | Reached skill level 3 in Spellcasting
  3104 | D:2      | Gained mutation: You have large cloven feet. [demonic
                  | ancestry]
  3104 | D:2      | Reached XP level 5. HP: 23/35 MP: 4/9
  3322 | D:2      | Learned a level 3 spell: Conjure Flame
  4732 | D:4      | Noticed a water moccasin
  4741 | D:4      | Killed a water moccasin
  4742 | D:4      | Reached skill level 1 in Long Blades
  4742 | D:4      | Gained mutation: A weak demonic guardian rushes to your
                  | aid. [demonic ancestry]
  4742 | D:4      | Reached XP level 6. HP: 41/41 MP: 2/11
  5117 | D:4      | Reached skill level 4 in Spellcasting
  5154 | D:4      | You fall into a shaft and drop 2 floors!
  5159 | D:6      | Gained mutation: A demonic guardian rushes to your aid.
                  | [demonic ancestry]
  5159 | D:6      | Reached XP level 7. HP: 46/46 MP: 6/13
  5229 | D:6      | Noticed a steam dragon
  5234 | D:6      | Killed a steam dragon
  5235 | D:6      | Reached skill level 5 in Fire Magic
  5319 | D:6      | Reached skill level 5 in Spellcasting
  5579 | D:6      | Reached XP level 8. HP: 36/52 MP: 11/16
  5759 | D:6      | Reached skill level 6 in Spellcasting
  5993 | D:6      | Noticed Menkaure
  6011 | D:6      | Killed Menkaure
  6538 | D:6      | Found a large runed translucent door.
  6539 | D:6      | Found a large runed translucent door.
  6542 | D:6      | Found a large runed translucent door.
  6542 | D:6      | Found a large runed translucent door.
  6623 | D:6      | Reached skill level 1 in Fighting
  7125 | D:6      | Found a broken altar of Ashenzari.
  7352 | D:6      | Reached skill level 7 in Spellcasting
  7370 | D:6      | Gained mutation: You have hoof-like feet. [demonic
                  | ancestry]
  7370 | D:6      | Reached XP level 9. HP: 26/59 MP: 1/19
  8219 | D:5      | Entered Level 5 of the Dungeon
  8680 | D:5      | Noticed Ijyb
  8683 | D:5      | Killed Ijyb
  9003 | D:5      | Reached skill level 8 in Spellcasting
 11660 | D:7      | Found a sand-covered staircase.
 11686 | Ossuary  | Entered an ossuary
 13157 | D:7      | Found a sparkling altar of Nemelex Xobeh.
 13388 | D:7      | Found a staircase to the Ecumenical Temple.
 13400 | Temple   | Entered the Ecumenical Temple
 13522 | Temple   | Became a worshipper of Cheibriados the Contemplative
 13960 | D:7      | Learned a level 4 spell: Cause Fear
 13965 | D:7      | Learned a level 4 spell: Flame Wave
 13970 | D:7      | Learned a level 4 spell: Anguish
 13974 | D:7      | Learned a level 3 spell: Tukima's Dance
 14058 | D:8      | Noticed a purple ugly thing
 14059 | D:8      | Noticed a manticore
 14067 | D:8      | Noticed a green ugly thing
 14070 | D:8      | Killed a purple ugly thing
 14071 | D:8      | Reached XP level 10. HP: 66/66 MP: 5/22
 14077 | D:8      | Killed a manticore
 14085 | D:8      | Killed a green ugly thing
 14086 | D:8      | Reached skill level 9 in Spellcasting
 15022 | D:8      | Noticed a six-headed hydra
 15023 | D:8      | Noticed a brown ugly thing
 15032 | D:8      | Killed a six-headed hydra
 15033 | D:8      | Reached skill level 1 in Armour
 15033 | D:8      | Reached skill level 1 in Earth Magic
 15033 | D:8      | Reached skill level 1 in Evocations
 15038 | D:8      | Killed a brown ugly thing
 15676 | D:8      | Identified the +6 spear "Keugosui" {vorpal, Dex+3}
 16236 | D:1      | Identified a scroll of acquirement
 16236 | D:1      | Acquired the +2 pair of gloves of Philately {Regen+}
 17114 | D:8      | Learned a level 2 spell: Passwall
 17437 | D:9      | Reached skill level 1 in Crossbows
 17630 | D:9      | Identified the +0 pair of gloves of the Shrike {rPois
                  | Slay+3}
 17705 | D:9      | Noticed a centaur warrior
 17715 | D:9      | Killed a centaur warrior
 17935 | D:10     | Entered Level 10 of the Dungeon
 17938 | D:10     | Found Yscham's Jewellery Shoppe.
 17947 | D:10     | Paralysed by a hornet for 1 turns
 18013 | D:10     | Reached * piety under Cheibriados
 18014 | D:10     | Paralysed by a hornet for 3 turns
 18072 | D:10     | Gained mutation: Your touch may inflict minor irresistible
                  | damage on your foes. [demonic ancestry]
 18072 | D:10     | Reached XP level 11. HP: 72/72 MP: 24/24
 18091 | D:10     | Noticed a two-headed ogre
 18205 | D:10     | Found a radiant altar of Vehumet.
 18279 | D:10     | Killed a two-headed ogre
 18437 | D:10     | Reached ** piety under Cheibriados
 19073 | D:10     | Found a hide-covered altar of Uskayaw.
 19339 | D:10     | Found a runed translucent door.
 19611 | D:10     | Reached *** piety under Cheibriados
 19632 | D:10     | Found a staircase to the Lair.
 19960 | D:10     | Reached skill level 10 in Spellcasting
 19990 | D:10     | Found a staircase to the Orcish Mines.
 20247 | D:10     | Noticed Stomo's ghost (novice DrFi)
 20271 | D:10     | Killed Stomo's ghost
 20272 | D:10     | Reached skill level 5 in Conjurations
 21021 | Lair:1   | Entered Level 1 of the Lair of Beasts
 21192 | Lair:1   | Noticed Grum
 21368 | Lair:1   | Killed Grum
 22611 | Lair:2   | Noticed an eight-headed hydra
 22620 | Lair:2   | Reached skill level 5 in Crossbows
 22621 | Lair:2   | HP: 2/75 [eight-headed hydra (4)]
 22622 | Lair:2   | Slain by an eight-headed hydra

Illustrated notes

Levels and vault maps discovered:
D:1:      sevenhm_arrival_forest_fort_small_5, layout_basic,
          shapermc_ecumenical_altar_venn, minmay_pentomino_p2
D:2:      layout_basic, uniq_jessica, uniq_natasha
D:3:      layout_basic
D:4:      layout_rooms
D:5:      layout_loops_corners, minmay_bent, uniq_ijyb
D:6:      layout_rooms, nicolae_overflow_hidden_temple,
          minmay_hollow_rounded_squares, uniq_menkaure
D:7:      layout_rooms, kennysheep_mini, minmay_temple_entry_tees,
          gup_ossuary_entry_pyramid
D:8:      minmay_tri_box, layout_basic, nicolae_underground_beach
D:9:      layout_rooms, kennysheep_cluttered_room
D:10:     layout_long_grid, kennysheep_mini_moat, nicolae_vehumet_radiance,
          david_lair_generic, kennysheep_orc_monster_closet_entryway,
          ebering_ghost_reflecting_pool, serial_shops, nicolae_shop_trees,
          special_room [special_room_orc]
Temple:   eino_temple_scatter_basement
Lair:1:   layout_regular_city, serial_bayou_shore_b, grunt_megastairs_4,
          uniq_grum
Lair:2:   layout_hall_layers, gauntlet_entry_generic, minivault_19,
          chequers_serial_rivers_small_a, st_stairs_8, minivault_25,
          nicolae_lair_liquid_snakes

Skill      XL: |  1  2  3  4  5  6  7  8  9 10 11 |
---------------+----------------------------------+-----
Fire Magic     | 3 4 5 7 8 9 |  9.3
Dodging        | 2 3 4 |  4.3
Conjurations   | 2 3 4 5 |  5.2
Spellcasting   | 3 4 5 7 8 9 10 | 10.2
Long Blades    | 1 2 3 |  3.4
Stealth        | 2 3 |  3.5
Fighting       | 1 2 3 |  3.6
Armour         | 2 3 |  3.4
Earth Magic    | 2 3 |  3.8
Evocations     | 1 |  1.2
Crossbows      | 2 5 |  5.0
Maces & Flails | |  0.1

Action                   |  1- 3 |  4- 6 |  7- 9 | 10-12 || total
-------------------------+-------+-------+-------+-------++-------
Melee: Unarmed           |    23 |       |       |       ||    23
       Whip              |    12 |       |       |       ||    12
       Long sword        |     3 |    29 |    45 |    22 ||    99
       Tailslap          |       |     3 |    10 |     5 ||    18
       Punch             |       |     1 |       |       ||     1
       Trident           |       |       |       |     5 ||     5
 Fire: Hand crossbow     |       |       |       |   157 ||   157
 Cast: Foxfire           |    83 |    68 |    78 |     1 ||   230
       Scorch            |       |    43 |   202 |     2 ||   247
       Conjure Flame     |       |       |     4 |     1 ||     5
       Stone Arrow       |       |       |       |   141 ||   141
       Flame Wave        |       |       |       |     1 ||     1
Evoke: Wand              |       |       |       |     7 ||     7
  Use: Scroll            |       |       |     9 |    19 ||    28
       Potion            |       |       |       |     3 ||     3
 Stab: Sleeping          |       |       |     1 |       ||     1
Armor: Robe              |     6 |    20 |       |       ||    26
       Steam dragon scal |       |       |    48 |     4 ||    52
       Troll leather arm |       |       |       |    62 ||    62
Dodge: Dodged            |    28 |    39 |    86 |   118 ||   271
